 Dungeon Crawl Stone Soup version 0.19-a0-770-g33a097e (webtiles) character file.

69 Laraso the Cudgeler (level 4, 1/23 HPs)
             Began as a Vine Stalker Fighter on June 26, 2016.
             Quit the game on level 3 of the Dungeon.
             The game lasted 00:05:24 (1529 turns).

Laraso the Cudgeler (Vine Stalker Fighter)          Turns: 1529, Time: 00:05:25

Health: 1/23       AC: 11    Str: 19    XL:     4   Next: 20%
Magic:  5/5        EV:  7    Int:  8    God:
Gold:   143        SH:  9    Dex: 14    Spells: 0 memorised, 3 levels left

rFire  . . .     SeeInvis .     a - +0 flail (protect)
rCold  . . .     Gourm    +     b - +0 scale mail
rNeg   . . .     Faith    .     c - +0 shield
rPois  .         Spirit   +     (no helmet)
rElec  .         Dismiss  .     (no cloak)
rCorr  .         Reflect  .     (no gloves)
SustAt .         Harm     .     (no boots)
MR     .....                    i - amulet of the gourmand
Stlth  ..........               (no ring)
                                (no ring)

@: lethally poisoned (1 -> -1), exhausted, slowed, very slow, not resistant to
hostile enchantments, extremely unstealthy
A: fangs 2, regeneration 1, magic shield, antimagic bite, no device heal 3, rot
immunity
a: no special abilities


You were on level 3 of the Dungeon.
You were not hungry.

You visited 1 branch of the dungeon, and saw 3 of its levels.

You collected 143 gold pieces.

Inventory:

Hand Weapons
 a - a +0 flail of protection (weapon)
Missiles
 l - 22 stones (quivered)
Armour
 b - a +0 scale mail (worn)
 c - a +0 shield (worn)
Jewellery
 i - an amulet of the gourmand (around neck)
Scrolls
 d - 2 scrolls of identify {unknown}
 e - a scroll of enchant weapon {unknown}
 h - a scroll of amnesia {unknown}
 k - a scroll of immolation {unknown}
 m - a scroll of teleportation
 n - a scroll of random uselessness {unknown}
Comestibles
 f - 3 bread rations


   Skills:
 - Level 2.6 Fighting
 * Level 3.3 Maces & Flails
 + Level 0.6 Throwing
 - Level 2.4 Armour
 + Level 1.2 Dodging
 + Level 0.3 Stealth
 - Level 2.6 Shields


You had 3 spell levels left.
You didn't know any spells.

Dungeon Overview and Level Annotations

Branches:
Dungeon (3/15)

Altars:
Dithmenos


Innate Abilities, Weirdness & Mutations

You have extremely sharp teeth.
Your natural rate of healing is unusually fast.
When hurt, damage is shared between your health and your magic reserves.
Your bite disrupts and absorbs the magic of your enemies.
Potions and wands cannot restore your health.
You are immune to rotting.


Message History

The giant cockroach bites you but does no damage.
The kobold hits you.
A goblin comes into view.
You take 2 damage, and have 11/34 hp.
You now have 4/5 mp.
Unknown command.
Unknown command.
Unknown command.
Unknown command.
Unknown command.
The goblin shouts!
You hit the kobold.
You kill the kobold!
You feel sick.
The giant cockroach bites you but does no damage. x2
The goblin unwields an uncursed hunting sling.
You block the goblin's attack.
You take 1 damage, and have 10/34 hp.
You barely miss the goblin.
You feel sick.
The giant cockroach bites you but does no damage.
The goblin hits you.
* * * LOW HITPOINT WARNING * * *
You block the giant cockroach's attack. The goblin hits you but does no damage.
You block the giant cockroach's attack.
You take 3 damage, and have 7/34 hp.
You barely miss the goblin.
You feel sick. You block the giant cockroach's attack.
The goblin hits you but does no damage.
The giant cockroach bites you but does no damage.
The goblin completely misses you.
You take 1 damage, and have 6/34 hp.
Unknown command.
You hit the goblin.
You kill the goblin!
You feel less woody.
Your +0 scale mail unmelds from your body.
* * * LOW HITPOINT WARNING * * *
You feel sick.
The giant cockroach bites you but does no damage.
The goblin completely misses you.
The giant cockroach bites you but does no damage.
The goblin closely misses you.
You now have 3/23 hp.
* * * LOW HITPOINT WARNING * * *
You feel sick. You block the giant cockroach's attack.
The goblin hits you but does no damage. You block the giant cockroach's attack.
Items here: ( )) ? an uncursed hunting sling; a scroll of teleportation; an uncursed blowgun 12 stones You take 1 damage, and have 2/23 hp.
Unknown command.
Unknown command.
You sock the giant cockroach!
You kill the giant cockroach!
* * * LOW HITPOINT WARNING * * *
You feel sick. You block the goblin's attack. x2
You take 1 damage, and have 1/23 hp.
MP restored: 5 Unknown command.
You aren't carrying any potions.
Unknown command.
Okay, then.

#.. #.# #.#
#.#### #....#
.### ##....#
.....####(....#
.......(...†g.#
...........@<(#
...........####
...........#
.....!....##
..........#
..........#
.........##
.##.### ..


You could see a goblin.

Vanquished Creatures
  Terence (D:2)
  An adder (D:2)
  2 worms
  A giant gecko (D:2)
  3 giant cockroaches
  4 goblins
  2 hobgoblins (D:1)
  A ball python (D:1)
  3 bats
  2 giant newts
  5 kobolds
  4 rats
29 creatures vanquished.

Vanquished Creatures (others)
  5 toadstools (D:1)
5 creatures vanquished.

Grand Total: 34 creatures vanquished

Notes
Turn   | Place    | Note
--------------------------------------------------------------
     0 | D:1      | Laraso the Vine Stalker Fighter began the quest for the Orb.
     0 | D:1      | Reached XP level 1. HP: 11/11 MP: 2/2
   100 | D:1      | Reached skill level 2 in Maces & Flails
   296 | D:1      | Reached XP level 2. HP: 16/16 MP: 3/3
   725 | D:2      | Found a shadowy altar of Dithmenos.
   824 | D:2      | Noticed Terence
   833 | D:2      | Killed Terence
   833 | D:2      | Reached skill level 3 in Maces & Flails
   833 | D:2      | Reached skill level 1 in Dodging
   833 | D:2      | Reached XP level 3. HP: 14/19 MP: 4/4
  1125 | D:2      | Reached XP level 4. HP: 23/23 MP: 5/5
  1521 | D:3      | HP: 13/34 [poisoned by a kobold]
  1525 | D:3      | HP: 6/34 [poisoned by a kobold]
  1527 | D:3      | HP: 2/23 [poisoned by a kobold]
  1529 | D:3      | Quit the game

Vault maps used:
D:1:      ldierk_walled_garden
D:2:      grunt_dithmenos_smoke_and_mirrors, uniq_terence
D:3:      lemuel_round_altar, xom_redecorated, minmay_bisected,
          uniq_crazy_yiuf_cottage, uniq_robin

Skill      XL: |  1  2 |
---------------+-------+-----
Maces & Flails | 2 3 |  3.3
Dodging        | 1 |  1.2
Fighting       | |  2.6
Throwing       | |  0.6
Armour         | |  2.4
Stealth        | |  0.3
Shields        | |  2.6

Action                   |  1- 3 |  4- 6 || total
-------------------------+-------+-------++-------
Melee: Flail             |    76 |    23 ||    99
       Bite              |    19 |     4 ||    23
Throw: Stone             |    10 |       ||    10
  Use: Scroll            |     1 |       ||     1
       Potion            |     1 |     2 ||     3
  Eat: Chunk             |     5 |     2 ||     7
Armor: Scale mail        |    25 |    10 ||    35
       Skin              |       |    12 ||    12
Dodge: Dodged            |    23 |    11 ||    34
Block: Shield            |    46 |    15 ||    61

Table legend:
 A = Kills in this place as a percentage of kills in entire the game.
 B = Kills by you in this place as a percentage of kills by you in the entire game.
 C = Kills by friends in this place as a percentage of kills by friends in the entire game.
 D = Other kills in this place as a percentage of other kills in the entire game.
 E = Experience gained in this place as a percentage of experience gained in the entire game.
 F = Experience gained in this place divided by the number of levels of this place that you have seen.
                   A       B       C       D       E      F
               +-------+-------+-------+-------+-------+----------------------
         Total | 100.0 | 100.0 |  -nan |  -nan | 100.0 |  33.0
       Dungeon | 100.0 | 100.0 |  -nan |  -nan | 100.0 |  33.0
               +-------+-------+-------+-------+-------+----------------------

Table legend:
 A = Turns spent in this place as a percentage of turns spent in the entire game.
 B = Non-inter-level travel turns spent in this place as a percentage of non-inter-level travel turns spent in the entire game.
 C = Inter-level travel turns spent in this place as a percentage of turns spent in this place.
 D = Turns resting spent in this place as a percentage of non-inter-level travel turns spent in this place.
 E = Turns spent auto-exploring this place as a percentage of non-inter-level travel turns spent in this place.
 F = Non-inter-level travel turns spent in this place divided by the number of levels of this place that you've seen.
                   A       B       C       D       E      F
               +-------+-------+-------+-------+-------+----------------------
         Total | 100.0 | 100.0 |   0.5 |   0.5 |  16.0 | 129.3
       Dungeon | 100.0 | 100.0 |   0.5 |   0.5 |  16.0 | 129.3
               +-------+-------+-------+-------+-------+----------------------

Vault maps used:
D:1:      ldierk_walled_garden
D:2:      grunt_dithmenos_smoke_and_mirrors, uniq_terence
D:3:      lemuel_round_altar, xom_redecorated, minmay_bisected,
          uniq_crazy_yiuf_cottage, uniq_robin
